 Dungeon Crawl Stone Soup version 0.20.1-1-g8b1a95d (webtiles) character file.

65 jmlagarto the Ruffian (level 4, -3/38 HPs)
             Began as a Ghoul Monk on Aug 11, 2017.
             Slain by Crazy Yiuf
             ... wielding a +3 quarterstaff of chaos
              (9 damage)
             ... on level 2 of the Dungeon.
             The game lasted 00:07:25 (1617 turns).

jmlagarto the Ruffian (Ghoul Monk)                  Turns: 1617, Time: 00:07:26

Health: -3/38      AC:  3    Str: 14    XL:     4   Next: 14%
Magic:  0/3        EV: 13    Int:  6    God:
Gold:   85         SH:  0    Dex: 11    Spells: 3/3 levels left

rFire    . . .     SeeInvis .     - Unarmed
rCold    + . .     Gourm    .   (no shield)
rNeg     + + +     Faith    .   a - +0 robe
rPois    ∞         Spirit   +   (no helmet)
rElec    .         Reflect  .   (no cloak)
rCorr    .         Harm     .   m - +0 pair of gloves
MR       +....                  (no boots)
Stlth    +++.......             g - amulet of guardian spirit
Regen    0.0/turn               e - ring of protection from magic
MPRegen  0.1/turn               f - ring of stealth

@: rotting
A: rotting body, claws 1, carnivore 3, cold resistance 1, negative energy
resistance 3, inhibited regeneration, torment resistance, unbreathing
a: no special abilities


You were on level 2 of the Dungeon.
You were not hungry.

You visited 1 branch of the dungeon, and saw 2 of its levels.

You collected 85 gold pieces.

Inventory:

Armour
 a - a +0 robe (worn)
 m - a +0 pair of gloves (worn)
Jewellery
 e - a ring of protection from magic (left hand)
 f - a ring of stealth (right hand)
 g - an amulet of guardian spirit (around neck)
 i - an uncursed amulet of the gourmand {unknown}
Scrolls
 l - a scroll of immolation
 n - 3 scrolls of enchant armour
 s - a scroll of amnesia
Potions
 c - a potion of heal wounds {unknown}
 p - a potion of ambrosia {unknown}
 q - a potion of curing
 r - a potion of haste {unknown}
 t - a potion of agility {unknown}
Comestibles
 b - 2 chunks of flesh
 d - 4 fruits
 j - 2 bread rations
 o - a royal jelly


   Skills:
 + Level 3.5 Fighting
 + Level 3.1 Dodging
 + Level 3.1 Stealth
 + Level 4.2 Unarmed Combat


You had 3 spell levels left.
You didn't know any spells.

Dungeon Overview and Level Annotations

Branches:
Dungeon (2/15)

Altars:

Annotations:
D:2 Crazy Yiuf


Innate Abilities, Weirdness & Mutations

Your body is rotting away.
You thrive on raw meat.
You are immune to poison.
You have sharp fingernails.
You are carnivorous and can eat meat at any time.
Your flesh is cold resistant. (rC+)
You are immune to negative energy. (rN+++)
You do not regenerate when monsters are visible.
You are immune to unholy pain and torment.
You can survive without breathing.


Message History

Crazy Yiuf is heavily wounded.
Crazy Yiuf hits you with a quarterstaff of chaos!
Crazy Yiuf burns you.
You completely miss Crazy Yiuf. You punch Crazy Yiuf, but do no damage.
Crazy Yiuf is heavily wounded.
Crazy Yiuf hits you with a quarterstaff of chaos.
* * * LOW HITPOINT WARNING * * *
Crazy Yiuf burns you.
* * * LOW HITPOINT WARNING * * *
You hit Crazy Yiuf but do no damage.
Crazy Yiuf is heavily wounded.
Crazy Yiuf closely misses you.
You closely miss Crazy Yiuf.
Crazy Yiuf is heavily wounded.
Crazy Yiuf barely misses you.
You hit Crazy Yiuf but do no damage.
Crazy Yiuf is heavily wounded.
Crazy Yiuf cries, "You leg down broken song, no?"
Crazy Yiuf hits you with a quarterstaff of chaos!
You die...

....###..### ♣...P♣
...........# ♣♣.P.♣
...........# ♣♣.♣♣
..........## ♣♣.♣
..........# ♣.♣♣
.....(....# ♣♣)♣
..........# ♣.♣♣
..........# ##'##
..........# #.@.#
..#..<....# #)g.#
.########### #).)#
....######.# #####
###........#
#######....########
..#..<..####......#
....########......#
..####.......######


You could see Crazy Yiuf.

Vanquished Creatures
  An adder (D:2)
  An ooze (D:2)
  2 dart slugs (D:1)
  A worm (D:2)
  2 leopard geckos
  2 giant cockroaches
  6 goblins
  7 hobgoblins
  2 ball pythons (D:2)
  5 bats
  3 frilled lizards (D:2)
  A kobold (D:1)
  10 rats
43 creatures vanquished.

Notes
Turn   | Place    | Note
-------+----------+-------------------------------------------
     0 | D:1      | jmlagarto the Ghoul Monk began the quest for the Orb.
     0 | D:1      | Reached XP level 1. HP: 19/19 MP: 0/0
   157 | D:1      | Reached XP level 2. HP: 23/26 MP: 1/1
   519 | D:1      | Reached XP level 3. HP: 30/31 MP: 2/2
  1384 | D:2      | Reached skill level 4 in Unarmed Combat
  1456 | D:2      | Found a runed door.
  1525 | D:2      | Reached XP level 4. HP: 38/38 MP: 3/3
  1606 | D:2      | Noticed Crazy Yiuf
  1617 | D:2      | Slain by Crazy Yiuf

Skill      XL: |  1  2  3 |
---------------+----------+-----
Dodging        | 3 |  3.1
Stealth        | 3 |  3.1
Unarmed Combat | 4 |  4.2
Fighting       | |  3.5

Action                   |  1- 3 |  4- 6 || total
-------------------------+-------+-------++-------
Melee: Unarmed           |   127 |     9 ||   136
       Punch             |       |     1 ||     1
  Use: Scroll            |     6 |       ||     6
       Potion            |     1 |       ||     1
 Stab: Sleeping          |     9 |       ||     9
  Eat: Chunk             |     8 |       ||     8
       Meat ration       |     1 |       ||     1
Armor: Robe              |    25 |       ||    25
Dodge: Dodged            |    97 |     3 ||   100
